 Dungeon Crawl Stone Soup version 0.24-a0-176-gc3651c4 (webtiles) character file.

Game seed: 9063771931561490573

27 emperorscorpion the Chopper (level 2, 0/27 HPs)
             Began as a Minotaur Berserker on Mar 12, 2019.
             Was a Follower of Trog.
             Slain by an adder (2 damage)
             ... on level 2 of the Dungeon.
             The game lasted 00:01:15 (178 turns).

emperorscorpion the Chopper (Minotaur Berserker)     Turns: 178, Time: 00:01:16

Health: 0/27       AC:  2    Str: 21    XL:     2   Next: 93%
Magic:  1/1        EV: 12    Int:  4    God:    Trog [*.....]
Gold:   12         SH:  0    Dex:  9    Spells: 1/1 levels left

rFire    . . .     SeeInvis .   a - +0 hand axe
rCold    . . .     Gourm    .   (no shield)
rNeg     . . .     Faith    .   b - +0 animal skin
rPois    .         Spirit   .   (helmet restricted)
rElec    .         Reflect  .   (no cloak)
rCorr    .         Harm     .   (no gloves)
MR       .....                  (no boots)
Stlth    +.........             (no amulet)
HPRegen  0.09/turn              (no ring)
MPRegen  0.07/turn              (no ring)

@: lethally poisoned (0 -> -4), berserk cooldown
A: retaliatory headbutt, horns 2
a: Berserk, Renounce Religion


You were on level 2 of the Dungeon.
You worshipped Trog.
Trog was aware of your devotion.
You were not hungry.

You visited 1 branch of the dungeon, and saw 2 of its levels.

You collected 12 gold pieces.

Inventory:

Hand Weapons
 a - a +0 hand axe (weapon)
Armour
 b - a +0 animal skin (worn)
 f - a +0 ring mail
Jewellery
 i - an uncursed ring of attention
Comestibles
 c - a ration
 d - 5 chunks of flesh


   Skills:
 + Level 4.2 Fighting
 + Level 4.3 Axes
 + Level 2.5 Armour
 + Level 2.3 Dodging


You had one spell level left.
You didn't know any spells.
Your spell library was empty.

Dungeon Overview and Level Annotations

Branches:
Dungeon (2/15)

Altars:
Qazlal


Innate Abilities, Weirdness & Mutations

You reflexively headbutt those who attack you in melee.
You have a pair of horns on your head.


Message History

You feel sick.
* * * LOW HITPOINT WARNING * * *
You feel sick.
You see here an adder corpse.
An adder comes into view.
You feel yourself speed up.
* * * LOW HITPOINT WARNING * * *
You feel sick.
The adder hisses angrily.
The adder completely misses you. The adder closely misses you.
You barely miss the adder. Your headbutt misses the adder.
* * * LOW HITPOINT WARNING * * *
You feel sick. The adder closely misses you.
You hit the adder.
The adder is moderately wounded.
The adder closely misses you.
You miss the adder.
The adder is moderately wounded.
The adder closely misses you. The adder bites you.
You die...

.. .# ### .. .. . #.
.# #.##.# ###.##.@S.#
........### .#
.....##.# ##.# ....
#†### ...##. .....
#...###.#.#...
........#.#..........
.....#.##.#.≈.........
#### #................
####.....≈≈...≈≈≈


You could see an adder.

Vanquished Creatures
  An adder (D:2)
  A dart slug (D:1)
  2 bats (D:1)
  2 giant cockroaches (D:1)
  2 goblins (D:1)
  A hobgoblin (D:1)
  A frilled lizard (D:2)
  A kobold (D:1)
  6 rats
17 creatures vanquished.

Notes
Turn   | Place    | Note
-------+----------+-------------------------------------------
     0 | D:1      | emperorscorpion the Minotaur Berserker began the quest for
                  | the Orb.
     0 | D:1      | Reached XP level 1. HP: 19/19 MP: 0/0
    94 | D:1      | Reached XP level 2. HP: 19/27 MP: 1/1
   137 | D:2      | Found a stormy altar of Qazlal.
   178 | D:2      | Slain by an adder

Levels and vault maps discovered:
D:1:      psy_arrival_fountain, layout_basic, serial_glass, glass_columns_b,
          glass_columns_a, minmay_cut_off
D:2:      layout_basic, nicolae_qazlal_general_emergency, first_ration,
          uniq_crazy_yiuf_cottage

Skill      XL: |  1  2 |
---------------+-------+-----
Axes           | 4 |  4.3
Fighting       | 4 |  4.2
Armour         | |  2.5
Dodging        | |  2.3

Action                   || total
-------------------------++-------
Melee: Hand axe          ||    24
       Headbutt          ||     4
Invok: Berserk           ||     1
  Use: Scroll            ||     2
       Potion            ||     1
Armor: Animal skin       ||     7
Dodge: Dodged            ||    28

Table legend:
 A = Non-vault XP
 B = Vault XP
 C = Vault XP percentage of total XP
 D = Non-vault monster count
 E = Vault monster count
 F = Vault count percentage of total count
                 A         B        C        D         E       F
            +---------+---------+-------+---------+---------+-------
      Total |      30 |       9 |  23.1 |      13 |       4 |  23.5
            +---------+---------+-------+---------+---------+-------
        D:1 |      14 |       9 |  39.1 |      10 |       4 |  28.6
        D:2 |      16 |       0 |   0.0 |       3 |       0 |   0.0
            +---------+---------+-------+---------+---------+-------
